 Dungeon Crawl Stone Soup version 0.30-a0-1094-g860fb061e7 (webtiles) character file.

Game seed: 2031900465564343665

9 benadryl the Sneak (level 2, -6/25 HPs)
             Began as a Formicid Delver on Apr 17, 2023.
             Splashed by a jelly's acid (7 damage)
             ... on level 3 of the Dungeon.
             The game lasted 00:01:05 (174 turns).

benadryl the Sneak (Formicid Delver)                 Turns: 174, Time: 00:01:06

Health: -6/25      AC: -5    Str: 16    XL:     2   Next: 25%
Magic:  2/2        EV: 12    Int:  9    God:
Gold:   30         SH:  0    Dex: 15    Spells: 1/1 levels left

rFire   . . .      SeeInvis +    a - +0 hand axe
rCold   . . .      Faith    .    (no shield)
rNeg    . . .      Spirit   .    b - +0 leather armour
rPois   .          Reflect  .    (helmet unavailable)
rElec   .          Rampage  .    (no cloak)
rCorr   .                        (no gloves)
Will    .....                    (no boots)
Stlth   +++                      (no amulet)
HPRegen 0.24/turn                (no ring)
MPRegen 0.08/turn                (no ring)

@: corroded, attractive
A: permanent stasis, dig shafts and tunnels, antennae 3, four strong arms
a: Dig, Shaft Self


You were on level 3 of the Dungeon.
You visited 1 branch of the dungeon, and saw 3 of its levels.

You collected 30 gold pieces.

Inventory:

Hand Weapons
 a - a +0 hand axe (weapon)
Armour
 b - a +0 leather armour (worn)
Wands
 f - a wand of digging (3)
Scrolls
 c - a scroll of fog
 d - a scroll of magic mapping
 e - a scroll of fear
 g - a scroll of poison {unknown}


   Skills:
 * Level 4.0 Fighting
 - Level 2.0 Axes
 - Level 1.7 Dodging
 - Level 6.0 Stealth


You had one spell level left.
You didn't know any spells.
Your spell library was empty.

Dungeon Overview and Level Annotations

Branches:
Dungeon (5/15)
 Temple: D:4-7

Altars:
Fedhas


Innate Abilities, Weirdness & Mutations

You cannot be hasted, slowed, berserked, paralysed or teleported.
You can dig through walls and to a lower floor.
You have a pair of large antennae on your head. (SInv)
Your four strong arms can wield two-handed weapons with a shield.


Message History

You hit the jackal but do no damage.
The jackal is severely wounded.
The jackal misses you.
You hit the jackal but do no damage.
The jackal is severely wounded.
The jackal barely misses you. The jackal closely misses you.
You hit the jackal.
You kill the jackal!
The jackal completely misses you.
You have reached level 2!
The jackal attacks as you move away! The jackal barely misses you.
The jackal closely misses you.
The hobgoblin shouts!
The jackal misses you. The jackal barely misses you.
You closely miss the hobgoblin. You hit the jackal. The jackal bites you.
The hobgoblin hits you.
You slash the hobgoblin!
You kill the hobgoblin!
You hit the jackal.
You kill the jackal!
Your Fighting skill increases to level 4!
The jelly jiggles.
The jelly attacks as you move away! The jelly misses you.
The jelly attacks as you move away! The jelly hits you but does no damage.
You see here a +0 leather armour.
There is a stone staircase leading up here.
The jelly hits you. The acid corrodes you!
You are splashed with acid!
You climb upwards.
There is a stone staircase leading down here.
You hit the jelly but do no damage.
Your hands burn!
The jelly hits you.
* * * LOW HITPOINT WARNING * * *
You are splashed with acid.
* * * LOW HITPOINT WARNING * * *
It was a potion of attraction.
You feel attractive to monsters. The jelly hits you.
* * * LOW HITPOINT WARNING * * *
The acid corrodes you!
You are splashed with acid!
You die...

#.##
#...###
#.#...#
.....##
.....
#.<.#
#.J.#
#.@#
##.# {
#.# #.#
#.. ###


You could see a jelly.

Vanquished Creatures
  An endoplasm (D:4)
  2 hobgoblins (D:4)
  3 jackals (D:4)
  2 ball pythons (D:4)
8 creatures vanquished.

Notes
Turn   | Place    | Note
-------+----------+-------------------------------------------
     0 | D:5      | benadryl the Formicid Delver began the quest for the Orb.
     0 | D:5      | Reached XP level 1. HP: 18/18 MP: 1/1
     1 | D:5      | Noticed a hound
    52 | D:5      | Found a blossoming altar of Fedhas.
    90 | D:4      | Noticed a hound
   140 | D:4      | Noticed a jelly
   150 | D:4      | Reached XP level 2. HP: 25/25 MP: 2/2
   174 | D:3      | HP: 1/25 [jelly (1)]
   174 | D:3      | Splashed by a jelly's acid

Illustrated notes

Levels and vault maps discovered:
D:3:      layout_rooms, dreamdust_ecumenical_altar_grove,
          minmay_misc_feat_cross, reono_crystal_passage
D:4:      layout_loops_ring, uniq_duvessa, uniq_sigmund
D:5:      layout_cave_pools, fedhas_altar_1, serial_gnoll_camp,
          gnoll_camp_mini_loothouse, gnoll_camp_huts_basic,
          gnoll_camp_medium_02, gnoll_camp_mini_hut,
          chequers_serial_rivers_micro_d

Skill      XL: |  1  2 |
---------------+-------+-----
Fighting       | 4 |  4.0
Axes           | |  2.0
Dodging        | |  1.7
Stealth        | |  6.0

Action                     || total
---------------------------++-------
  Melee: Hand axe          ||    21
         Punch             ||     1
    Use: Potion            ||     1
   Stab: Sleeping          ||     3
 Armour: Leather armour    ||     3
  Dodge: Dodged            ||    21

Table legend: (Time is in decaauts)
 A = Elapsed time spent in this place.
 B = Non-inter-level travel time spent in this place.
 C = Inter-level travel time spent in this place.
 D = Time resting spent in this place.
 E = Time spent auto-exploring this place.
 F = Levels seen in this place.
 G = Mean time per level.
                   A        B        C        D        E       F      G
               +--------+--------+--------+--------+--------+-----+--------+
         Total |    178 |    178 |      0 |      0 |      0 |   3 |   59.3 |
       Dungeon |    178 |    178 |      0 |      0 |      0 |   3 |   59.3 |
               +--------+--------+--------+--------+--------+-----+--------+

Top non-repeatable levels by time:
     D:4: 168 daAuts
     D:5: 7 daAuts
     D:3: 2 daAuts
